 Dungeon Crawl Stone Soup version 0.25-a0-356-g7c9d860b3b (webtiles) character file.

Game seed: 16446558796696449491, levelgen mode: deterministic

139206 Borgoz the Bludgeoner (level 17, -8/113 HPs)
             Began as a Gargoyle Berserker on Jan 4, 2020.
             Was a High Priest of Trog.
             Mangled by a five-headed hydra (11 damage)
             ... on level 4 of the Swamp.
             The game lasted 01:00:47 (28257 turns).

Borgoz the Bludgeoner (Gargoyle Berserker)         Turns: 28257, Time: 01:00:47

Health: -8/113     AC: 37    Str: 23    XL:     17   Next: 28%
Magic:  0/17       EV: 16    Int:  7    God:    Trog [*****.]
Gold:   3286       SH:  0    Dex: 12    Spells: 16/16 levels left

rFire    + + .     SeeInvis +   a - +6 eveningstar (flame)
rCold    + . .     Gourm    +   (no shield)
rNeg     + + .     Faith    .   s - +8 scale mail "Jaudip" {rElec rPois Int-3}
rPois    ∞         Spirit   +   K - +0 helmet of the Slightly Bent {rF++ Slay+3}
rElec    +         Reflect  .   w - scarf {Spirit}
rCorr    .         Harm     .   n - +2 pair of gloves
MR       +....                  q - +0 pair of boots
Stlth    ..........             N - amulet "Wiorulo" {Gourm Slay+2}
HPRegen  0.28/turn              y - ring "Teihiuph" {rN+ Slay+2 SInv Stlth-}
MPRegen  0.15/turn              M - ring of protection from cold

@: flying, slowed, studying Shields, very slow
A: big wings, negative energy resistance 1, electricity resistance, unbreathing,
petrification resistance, rot immunity, AC +12
a: Stop Flying, Berserk, Trog's Hand, Brothers in Arms, Renounce Religion


You were on level 4 of the Swamp.
You worshipped Trog.
Trog was extremely pleased with you.
You were completely stuffed.

You visited 5 branches of the dungeon, and saw 28 of its levels.
You also visited: Ossuary, Bailey and Ice Cave.

You collected 3778 gold pieces.
You spent 492 gold pieces at shops.

Inventory:

Hand Weapons
 a - a +6 eveningstar of flaming (weapon)
 b - a +5 great mace of flaming
 v - a +5 executioner's axe of chopping
Missiles
 F - 2 throwing nets (quivered)
Armour
 n - a +2 pair of gloves (worn)
 q - a +0 pair of boots (worn)
 s - the +8 scale mail "Jaudip" (worn) {rElec rPois Int-3}
   (You took it off an orc on level 4 of the Dungeon)

   It affects your intelligence (-3).
   It insulates you from electricity.
   It protects you from poison.
 w - a scarf of spirit shield (worn)
 K - the +0 helmet of the Slightly Bent (worn) {rF++ Slay+3}
   (You found it on level 12 of the Dungeon)

   It affects your accuracy and damage with ranged weapons and melee attacks
   (+3).
   It greatly protects you from fire.
Jewellery
 m - an uncursed ring of resist corrosion
 y - the ring "Teihiuph" (left hand) {rN+ Slay+2 SInv Stlth-}
   (You found it on level 6 of the Lair of Beasts)

   [ring of see invisible]

   It affects your accuracy and damage with ranged weapons and melee attacks
   (+2).
   It protects you from negative energy.
   It lets you see invisible.
   It makes you less stealthy.
 H - an uncursed amulet of regeneration
 I - an uncursed amulet of harm {unknown}
 L - an uncursed ring of protection from fire
 M - a ring of protection from cold (right hand)
 N - the amulet "Wiorulo" (around neck) {Gourm Slay+2}
   (You found it on level 5 of the Lair of Beasts)

   [amulet of the gourmand]

   It allows you to eat raw meat even when not hungry.
   It affects your accuracy and damage with ranged weapons and melee attacks
   (+2).
 Q - an uncursed amulet of guardian spirit
Wands
 e - a wand of paralysis (9)
 p - a wand of disintegration (10)
 B - a wand of clouds (6)
 E - a wand of iceblast (4)
 G - a wand of acid (3)
Scrolls
 d - 3 scrolls of magic mapping
 i - a scroll of enchant weapon
 j - 4 scrolls of blinking
 o - 9 scrolls of fear
 u - 12 scrolls of remove curse
 x - 8 scrolls of identify
 z - 8 scrolls of teleportation
 A - a scroll of holy word {unknown}
 C - 6 scrolls of fog
 D - 5 scrolls of silence
 O - a scroll of brand weapon {unknown}
Potions
 f - 2 potions of heal wounds
 g - 9 potions of curing
 h - 5 potions of might
 l - 2 potions of cancellation
 r - 3 potions of berserk rage
 t - 3 potions of invisibility
 J - 2 potions of resistance
Books
 k - a manual of Shields
Comestibles
 c - 59 rations


   Skills:
 + Level 15.1 Fighting
 - Level 2.6(11.5) Axes
 + Level 17.9(18.0) Maces & Flails
 * Level 15.1 Armour
 * Level 12.0 Dodging


You had 16 spell levels left.
You didn't know any spells.
Your spell library was empty.

Dungeon Overview and Level Annotations

Branches:
Dungeon (15/15)            Temple (1/1) D:5            Lair (6/6) D:10
  Swamp (4/4) Lair:3        Snake (0/4) Lair:3        Slime (0/5) Lair:6
    Orc (2/2) D:9             Elf (0/3) Orc:2        Vaults (0/5) D:14
 Depths (0/5) D:15        Ossuary (visited)          Bailey (visited)
  IceCv (visited)

Altars:
Fedhas
Hepliaklqana
Kikubaaqudgha
Okawaru
Ru
Sif Muna
Trog
Uskayaw
Vehumet
Wu Jian
Xom
Yredelemnul
Zin
The Shining One
Beogh

Shops:
D:4 %   D:6 *   D:7 :   D:9 (   D:11 *   D:12 (   D:14 **   Orc:2 **?:

Portals:
Trove: D:11 (give +2 ice dragon scales)


Innate Abilities, Weirdness & Mutations

You are resistant to torment.
Your stone body is resilient. (AC +12)
You are immune to poison.
Your large and strong wings let you fly indefinitely.
You resist negative energy. (rN+)
You are resistant to electric shocks. (rElec)
You can survive without breathing.
You are immune to petrification.
You are immune to rotting.


Message History

The eight-headed hydra barely misses you.
The eight-headed hydra bites you!
* * * LOW HITPOINT WARNING * * *
The eight-headed hydra bites you but does no damage.
The seven-headed hydra bites you but does no damage. x2
The seven-headed hydra closely misses you.
The seven-headed hydra bites you!
* * * LOW HITPOINT WARNING * * *
The seven-headed hydra bites you!
* * * LOW HITPOINT WARNING * * *
The seven-headed hydra bites you!
* * * LOW HITPOINT WARNING * * *
The seven-headed hydra bites you but does no damage.
The swamp dragon barely misses you.
The swamp dragon claws you but does no damage.
The swamp dragon tramples you but does no damage.
The five-headed hydra misses you.
The five-headed hydra closely misses you.
The five-headed hydra bites you!
You die...

♣..≈≈≈≈.≈..≈..≈..^.♣♣
♣♣..≈§...≈.♣≈....≈.≈♣
♣♣.♣§..(≈.....≈..≈≈♣♣
♣.§≈...≈.≈..≈....≈...
♣♣§♣≈...≈≈..≈..≈≈≈...
♣♣♣♣♣♣♣.♣♣≈.≈.......≈^...♣.
♣♣♣≈.≈.♣...♣..≈≈§..........≈♣
≈≈..≈≈≈♣♣≈..≈≈...D≈♣..≈≈≈≈≈..
≈..≈§≈≈♣♣§≈♣.≈.≈@Dnn...≈≈....
<♣..≈≈.♣...♣♣≈.≈≈DD..≈.....♣♣
♣♣♣♣♣..♣≈...♣♣..♣♣.......♣♣♣
♣..♣.≈.....≈♣♣♣♣♣♣♣♣♣.≈.♣♣
..........♣♣# #≈.≈#
♣♣≈≈≈≈.≈≈♣♣ #≈..# ♣♣.≈≈.≈≈♣♣
#...# ♣♣.≈≈≈≈.♣ ≈≈≈.)
≈♣♣...≈≈♣ ≈≈♣...


You could see an eight-headed hydra, a seven-headed hydra, a five-headed hydra,
a swamp dragon and 2 bog bodies.

Vanquished Creatures
  Jorgrun (Orc:1)
  Frances (Swamp:1)
  A thorn hunter (Swamp:3)
  An orc warlord (Orc:1)
  Azrael (D:13)
  The ghost of twoshot the Thaumaturge, a journeyman GnWz of Ashenzari (Orc:2)
  2 dire elephants (Lair:6)
  Josephine (D:15)
  Snorg (Lair:5)
  The ghost of Hyawatha the Cleaver, a journeyman DsAK of Lugonu (Lair:6)
  14 hydras
  A yaktaur captain (D:15)
  Erolcha (Orc:1)
  4 vault guards (D:14)
  3 ghost crabs
  4 centaur warriors
  4 shambling mangroves
  11 alligators
  5 two-headed ogres
  A tengu warrior (D:11)
  5 orc high priests
  Sonja (Orc:1)
  A sun demon (D:15)
  A naga sharpshooter (D:14)
  A shock serpent (D:14)
  A fire crab (Lair:6)
  A storm dragon skeleton (D:15)
  3 unseen horrors (D:14)
  4 orc knights
  3 necromancers
  A wolf spider (Lair:6)
  A deep elf mage (D:13)
  8 ugly things
  2 orc sorcerers
  4 cyclopes
  An oklob plant (Lair:5)
  18 elephants
  3 centaur zombies
  Maurice (D:13)
  12 black mambas
  A guardian serpent (Lair:6)
  The ghost of Borgoz the Chopper, a novice MiGl of the Shining One (D:4)
  3 ice statues (IceCv)
  14 spiny frogs
  2 gargoyles
  An efreet (D:12)
  4 rime drakes
  6 komodo dragons
  A freezing wraith (D:14)
  11 ice devils
  A tengu conjurer (D:14)
  A harpy zombie (D:15)
  3 meliai (D:14)
  11 trolls
  Grinder (D:5)
  13 hornets
  2 harpy skeletons (D:15)
  10 tyrant leeches
  9 bog bodies
  6 dream sheep
  A blink frog (shapeshifter) (D:13)
  8 blink frogs
  11 hippogriffs
  8 slime creatures
  4 spriggans (Swamp:2)
  3 shadows
  7 wraiths
  9 wyverns
  4 fire elementals (D:13)
  3 redbacks (Lair:6)
  24 yaks
  A vampire (D:14)
  9 basilisks
  17 vampire mosquitoes
  3 hungry ghosts
  21 insubstantial wisps
  4 wargs (Orc:2)
  A soldier ant (D:15)
  An acid dragon (D:13)
  37 water moccasins
  18 swamp worms
  3 hell hounds (D:13)
  4 ice beasts
  7 porcupines
  39 orc warriors
  2 swamp drakes
  A hornet zombie (D:14)
  An eye of draining (D:10)
  A sky beast (D:11)
  A necrophage (D:10)
  15 ogres
  11 centaurs
  3 phantoms
  10 wolves (Lair:1)
  10 crocodiles
  2 big kobolds
  A wyvern zombie (D:9)
  22 bullfrogs
  A wyvern skeleton (D:10)
  A water moccasin zombie (Ossuary)
  A water moccasin skeleton (D:6)
  6 scorpions
  3 killer bees (D:7)
  5 wights (D:15)
  2 howler monkeys
  12 crimson imps
  A bullfrog zombie (D:9)
  4 centaur skeletons
  A bullfrog skeleton (D:7)
  2 draconian simulacra (IceCv)
  23 jellies
  34 orc priests
  6 hounds
  4 iguanas
  29 orc wizards
  Jessica (D:3)
  2 hell rats (Lair:6)
  2 troll simulacra (IceCv)
  9 worker ants
  3 yak simulacra (Lair:4)
  3 polar bear simulacra (Lair:4)
  2 big kobold zombies (Ossuary)
  3 centaur simulacra
  A hound zombie (D:10)
  A hound skeleton (D:5)
  2 mummies (Ossuary)
  3 gnolls (D:2)
  2 ogre simulacra (IceCv)
  24 adders
  2 naga simulacra (IceCv)
  3 river rats (Lair:6)
  5 shadow imps
  4 white imps (D:15)
  13 oozes
  An adder skeleton (D:4)
  7 adder zombies
  7 worms
  4 dart slugs
  4 leopard geckos
  83 orcs
  14 giant cockroaches
  3 gnoll zombies (Ossuary)
  14 goblins
  11 hobgoblins
  13 jackals
  19 kobolds
  3 quokkas
  A ball python (Lair:3)
  6 bats
  4 frilled lizards
  A giant cockroach zombie (D:6)
  10 hobgoblin zombies (Ossuary)
  6 kobold zombies (Ossuary)
  A leopard gecko zombie (D:6)
  6 orc zombies (Ossuary)
  11 rats
  5 river rat simulacra (Lair:4)
  A briar patch (Swamp:3)
1014 creatures vanquished.

Vanquished Creatures (others)
  A hydra (Swamp:3)
  An unseen horror (shapeshifter) (D:13)
  A hornet (Swamp:2)
  A swamp worm (Swamp:3)
  An orc wizard (Orc:2)
  21 fungi
  10 plants
36 creatures vanquished.

Grand Total: 1050 creatures vanquished

Notes
Turn   | Place    | Note
-------+----------+-------------------------------------------
     0 | D:1      | Borgoz the Gargoyle Berserker began the quest for the Orb.
     0 | D:1      | Reached XP level 1. HP: 14/14 MP: 1/1
   193 | D:1      | Reached XP level 2. HP: 14/19 MP: 2/2
   621 | D:1      | Reached XP level 3. HP: 20/23 MP: 3/3
  1033 | D:2      | Reached XP level 4. HP: 24/29 MP: 4/4
  1035 | D:2      | Reached ** piety under Trog
  1244 | D:2      | Reached skill level 4 in Maces & Flails
  1252 | D:2      | Reached XP level 5. HP: 33/33 MP: 5/5
  1493 | D:2      | Found a radiant altar of Vehumet.
  1496 | D:2      | Found an ornate altar of the Wu Jian Council.
  1499 | D:2      | Found an ancient bone altar of Kikubaaqudgha.
  1513 | D:2      | Found a sacrificial altar of Ru.
  1654 | D:3      | Reached XP level 6. HP: 29/39 MP: 6/6
  1841 | D:3      | Noticed Jessica
  1847 | D:3      | Found a shimmering blue altar of Sif Muna.
  1967 | D:3      | Reached *** piety under Trog
  2134 | D:3      | Found a glowing silver altar of Zin.
  2233 | D:3      | Found a hide-covered altar of Uskayaw.
  2707 | D:4      | Found an iron altar of Okawaru.
  2762 | D:4      | Found Coixif's Food Shop.
  2764 | D:4      | Reached skill level 5 in Maces & Flails
  2808 | D:4      | Found a runed translucent gate.
  2809 | D:4      | Found a runed translucent gate.
  3034 | D:4      | Reached XP level 7. HP: 40/44 MP: 7/7
  3262 | D:4      | Noticed Borgoz's ghost (novice MiGl)
  3263 | D:4      | Found a runed translucent gate.
  3264 | D:4      | Found a roughly hewn altar of Beogh.
  3264 | D:4      | Identified the +8 scale mail "Jaudip" {rElec rPois Int-3}
  3616 | D:5      | Entered Level 5 of the Dungeon
  3647 | D:5      | Noticed Grinder
  3657 | D:5      | Paralysed by Grinder for 3 turns
  3667 | D:5      | Killed Grinder
  3667 | D:5      | Reached skill level 5 in Fighting
  3861 | D:5      | Found a staircase to the Ecumenical Temple.
  3877 | D:5      | Reached skill level 6 in Maces & Flails
  4188 | D:5      | Reached XP level 8. HP: 50/50 MP: 8/8
  4299 | D:5      | Reached skill level 5 in Armour
  4567 | D:5      | Reached **** piety under Trog
  4876 | D:6      | Reached skill level 7 in Maces & Flails
  5028 | D:6      | Found Jiaqann's General Store.
  5371 | D:6      | Found a bloodstained altar of Trog.
  5701 | D:7      | Reached XP level 9. HP: 56/56 MP: 9/9
  5710 | D:7      | Found Bodainou's Book Emporium.
  5880 | Temple   | Entered the Ecumenical Temple
  6251 | D:4      | Reached skill level 8 in Maces & Flails
  6719 | D:3      | Killed Jessica
  6824 | D:7      | Got a smoking leather armour
  6852 | D:7      | Identified the cursed +1 leather armour of Riogril {+Blink
                  | Dex+3} (You found it on level 7 of the Dungeon)
  6899 | D:7      | Found a hazy altar of Hepliaklqana.
  7120 | D:7      | Reached skill level 5 in Dodging
  7328 | D:8      | Found a flagged portal.
  7351 | Bailey   | Entered a bailey
  7421 | Bailey   | Got a translucent helmet
  7426 | Bailey   | Found a bloodstained altar of Trog.
  7434 | Bailey   | Reached skill level 9 in Maces & Flails
  7443 | Bailey   | Reached ***** piety under Trog
  7443 | Bailey   | Received a gift from Trog
  7488 | Bailey   | Identified the +1 helmet of Tartarus {Str+4} (You found it
                  | in a bailey)
  7508 | D:8      | Found a sand-covered staircase.
  7519 | Ossuary  | Entered an ossuary
  7716 | D:8      | Found a shimmering altar of Xom.
  7716 | D:8      | Found a shimmering altar of Xom.
  7716 | D:8      | Found a shimmering altar of Xom.
  7717 | D:8      | Found a shimmering altar of Xom.
  7717 | D:8      | Found a shimmering altar of Xom.
  7717 | D:8      | Found a shimmering altar of Xom.
  7717 | D:8      | Found a shimmering altar of Xom.
  7749 | D:8      | Reached XP level 10. HP: 58/63 MP: 8/10
  7764 | D:8      | Found a basalt altar of Yredelemnul.
  7781 | D:8      | Noticed a spiny frog
  8000 | D:8      | Found a glowing golden altar of the Shining One.
  8214 | D:8      | Noticed an unseen horror
  8234 | D:8      | Noticed a harpy
  8256 | D:8      | Noticed a black mamba
  8356 | D:9      | Received a gift from Trog
  8691 | D:9      | Found Getall's Weapon Emporium.
  8713 | D:9      | Found a staircase to the Orcish Mines.
  8959 | D:10     | Entered Level 10 of the Dungeon
  9021 | D:10     | Noticed a two-headed ogre
  9031 | D:10     | Killed a two-headed ogre
  9031 | D:10     | Reached skill level 10 in Maces & Flails
  9080 | D:10     | Noticed a gargoyle
  9092 | D:10     | Killed a gargoyle
  9118 | D:10     | Got a crude quarterstaff
  9127 | D:10     | Identified the +6 quarterstaff "Tikkim" {freeze, rPois}
                  | (You found it on level 10 of the Dungeon)
  9315 | D:10     | Found a staircase to the Lair.
  9411 | D:10     | Received a gift from Trog
  9494 | D:10     | Reached XP level 11. HP: 67/69 MP: 11/11
  9618 | D:10     | Noticed a two-headed ogre
  9628 | D:10     | Killed a two-headed ogre
  9650 | D:10     | Noticed a two-headed ogre
  9663 | D:10     | Killed a two-headed ogre
 10309 | D:4      | Killed Borgoz's ghost
 10453 | D:11     | Noticed a tengu warrior
 10459 | D:11     | Killed a tengu warrior
 10553 | D:11     | Reached skill level 1 in Axes
 10728 | D:11     | Found a portal to a secret trove of treasure.
 10987 | D:11     | Noticed a purple ugly thing
 10993 | D:11     | Killed a purple ugly thing
 11059 | D:11     | Found Miudab's Pet Rocks.
 11202 | D:11     | Reached skill level 10 in Fighting
 11423 | D:12     | Received a gift from Trog
 11459 | D:12     | Found Baewollo's Weapon Shop.
 11601 | D:12     | Noticed a cyclops
 11610 | D:12     | Killed a cyclops
 11610 | D:12     | Reached skill level 11 in Maces & Flails
 11671 | D:12     | Reached XP level 12. HP: 70/77 MP: 9/12
 11729 | D:12     | Got a fine helmet
 11740 | D:12     | Identified the cursed +0 helmet of the Slightly Bent {rF++
                  | Slay+3} (You found it on level 12 of the Dungeon)
 11821 | D:12     | Reached skill level 10 in Armour
 12074 | D:13     | Noticed Azrael
 12099 | D:13     | Killed Azrael
 12102 | D:13     | Noticed a centaur warrior
 12123 | D:13     | Killed a centaur warrior
 12188 | D:13     | Noticed a centaur warrior
 12200 | D:13     | Noticed Maurice
 12201 | D:13     | Killed a centaur warrior
 12216 | D:13     | Noticed a centaur warrior
 12231 | D:13     | Killed a centaur warrior
 12248 | D:13     | Killed Maurice
 12325 | D:13     | Reached skill level 12 in Maces & Flails
 12435 | D:13     | Noticed an eight-headed hydra
 12444 | D:13     | Killed an eight-headed hydra
 12866 | D:14     | Received a gift from Trog
 12867 | D:14     | Found the +10 dark maul {crush}
 12884 | D:14     | Found a blossoming altar of Fedhas.
 13017 | D:14     | Found Nunikout's Assorted Antiques.
 13025 | D:14     | Bought a scorched silver ring for 145 gold pieces
 13025 | D:14     | Bought a potion of heal wounds for 145 gold pieces
 13026 | D:14     | Identified the ring "Ladiu" {Int+3 Stlth+} (You bought it
                  | in a shop on level 14 of the Dungeon)
 13076 | D:14     | Found a gate to the Vaults.
 13076 | D:14     | Noticed a vault guard
 13076 | D:14     | Noticed a vault guard
 13076 | D:14     | Noticed a vault guard
 13076 | D:14     | Noticed a vault guard
 13094 | D:14     | Killed a vault guard
 13094 | D:14     | Reached XP level 13. HP: 71/84 MP: 10/13
 13102 | D:14     | Killed a vault guard
 13112 | D:14     | Killed a vault guard
 13134 | D:14     | Killed a vault guard
 13140 | D:14     | Reached skill level 13 in Maces & Flails
 13266 | D:14     | Found Oqompask's Serpentskin Sales.
 13878 | D:15     | Entered Level 15 of the Dungeon
 13892 | D:15     | Received a gift from Trog
 13935 | D:15     | Found a frozen archway.
 13982 | D:15     | Got a scorched broad axe
 13983 | D:15     | Identified the +1 broad axe "Capt" {chop, MR+ SInv} (You
                  | found it on level 15 of the Dungeon)
 13993 | D:15     | Gained mutation: Your large and strong wings let you fly
                  | indefinitely. [Gargoyle growth]
 13993 | D:15     | Reached XP level 14. HP: 70/92 MP: 10/14
 14007 | IceCv    | Entered an ice cave
 14033 | IceCv    | Reached skill level 14 in Maces & Flails
 14613 | D:15     | Noticed Josephine
 14624 | D:15     | Killed Josephine
 14652 | D:15     | Received a gift from Trog
 15100 | D:15     | Found a staircase to the Depths.
 15370 | Lair:1   | Entered Level 1 of the Lair of Beasts
 15521 | Lair:1   | Reached skill level 10 in Dodging
 16049 | Lair:1   | Found the +8 whip "Snakebite" {curare, rPois}
 16935 | Lair:2   | Identified the Papyrus of Black Magic and Aid
 17050 | Lair:3   | You are sucked into a shaft and drop 3 floors!
 17050 | Lair:6   | Entered Level 6 of the Lair of Beasts
 17050 | Lair:6   | Found a staircase to the Slime Pits.
 17053 | Lair:6   | Received a gift from Trog
 17154 | Lair:6   | Reached skill level 15 in Maces & Flails
 17302 | Lair:6   | Got a scorched leather armour
 17378 | Lair:6   | Noticed a dire elephant
 17394 | Lair:6   | Killed a dire elephant
 17450 | Lair:6   | Reached XP level 15. HP: 71/99 MP: 5/15
 17513 | Lair:6   | Received a gift from Trog
 17533 | Lair:6   | Got a shimmering war axe {god gift}
 17534 | Lair:6   | Identified the +3 war axe "Dimexef" {flame, MR++} (Trog
                  | gifted it to you on level 6 of the Lair of Beasts)
 17729 | Lair:6   | Identified the cursed +1 leather armour of Cuneyv {*Corrode
                  | Str+5} (You found it on level 6 of the Lair of Beasts)
 17754 | Lair:6   | Got a fine turquoise ring
 18081 | Lair:3   | Identified the ring "Teihiuph" {rN+ Slay+2 SInv Stlth-}
                  | (You found it on level 6 of the Lair of Beasts)
 18224 | Lair:3   | Found a staircase to the Snake Pit.
 18377 | Lair:3   | Found a staircase to the Swamp.
 18624 | Lair:3   | Received a gift from Trog
 19299 | Lair:4   | Reached skill level 16 in Maces & Flails
 19641 | Lair:5   | Got a crude bronze amulet
 19643 | Lair:5   | Identified the amulet "Wiorulo" {Gourm Slay+2} (You found
                  | it on level 5 of the Lair of Beasts)
 19662 | Lair:5   | Noticed Snorg
 19671 | Lair:5   | Killed Snorg
 20110 | Lair:5   | Received a gift from Trog
 20115 | Lair:5   | Got a crystal great mace {god gift}
 20127 | Lair:5   | Identified the +1 great mace of Voguduog {crush, rElec rN+
                  | Str-3} (Trog gifted it to you on level 5 of the Lair of
                  | Beasts)
 20888 | Lair:6   | Found a runed translucent door.
 20889 | Lair:6   | Noticed Hyawatha's ghost (journeyman DsAK)
 21348 | Lair:6   | Killed Hyawatha's ghost
 21353 | Lair:6   | Got a shimmering large shield
 21360 | Lair:6   | Identified the +8 large shield "Vyxt" {rPois Str-3 Int+5}
                  | (You found it on level 6 of the Lair of Beasts)
 21628 | Orc:1    | Entered Level 1 of the Orcish Mines
 21730 | Orc:1    | Noticed Erolcha
 21731 | Orc:1    | Paralysed by Erolcha for 5 turns
 21738 | Orc:1    | Paralysed by Erolcha for 4 turns
 21747 | Orc:1    | Killed Erolcha
 21880 | Orc:1    | Noticed Jorgrun
 21893 | Orc:1    | Killed Jorgrun
 21999 | Orc:1    | Noticed Sonja
 22009 | Orc:1    | Killed Sonja
 22009 | Orc:1    | Reached XP level 16. HP: 101/106 MP: 16/16
 22402 | Orc:1    | Found a roughly hewn altar of Beogh.
 22481 | Orc:1    | Received a gift from Trog
 22535 | Orc:1    | Paralysed by an orc sorcerer for 4 turns
 22814 | Orc:2    | Entered Level 2 of the Orcish Mines
 22839 | Orc:2    | Found a staircase to the Elven Halls.
 23256 | Orc:2    | Found Izxug's Magic Scroll Shoppe.
 23256 | Orc:2    | Found Qejasiogre's General Store.
 23602 | Orc:2    | Found a transporter.
 23609 | Orc:2    | Found a transporter.
 23609 | Orc:2    | Noticed twoshot's ghost (journeyman GnWz)
 23634 | Orc:2    | Killed twoshot's ghost
 23634 | Orc:2    | Received a gift from Trog
 23817 | Orc:2    | Found Haecarpha's Assorted Antiques.
 23820 | Orc:2    | Found Apnoda's Book Shoppe.
 23825 | Orc:2    | Bought a pair of runed gloves for 202 gold pieces
 24342 | Swamp:1  | Entered Level 1 of the Swamp
 24377 | Swamp:1  | Reached skill level 17 in Maces & Flails
 24536 | Swamp:1  | Noticed Frances
 24549 | Swamp:1  | Killed Frances
 25181 | Swamp:2  | Received a gift from Trog
 25263 | Swamp:2  | Found an ornate altar of the Wu Jian Council.
 26713 | Swamp:3  | Noticed a thorn hunter
 26724 | Swamp:3  | Killed a thorn hunter
 26724 | Swamp:3  | Reached skill level 15 in Fighting
 26724 | Swamp:3  | Reached XP level 17. HP: 20/113 MP: 4/17
 27084 | Swamp:3  | Reached ****** piety under Trog
 27084 | Swamp:3  | Received a gift from Trog
 27681 | Swamp:4  | Entered Level 4 of the Swamp
 27899 | Swamp:4  | Reached skill level 15 in Armour
 28256 | Swamp:4  | HP: 3/113 [seven-headed hydra (6)]
 28257 | Swamp:4  | Mangled by a five-headed hydra

Levels and vault maps discovered:
D:1:      ncdulo_halloftheorcs, layout_loops_ring, minivault_14, minmay_unequal
D:2:      cheibrodos_pilgrimage, layout_rooms, nicolae_ru_the_path_less_chosen,
          grunt_temple_overflow_diamond
D:3:      layout_loops_ring, lemuel_crystal_altar,
          eat_drink_and_be_merry_uskayaw, tgw_sif, first_ration
D:4:      layout_basic, kennysheep_mini, biasface_ghost_orc_armoury,
          serial_shops, shop, minmay_bisected
D:5:      layout_loops_ring, minmay_temple_entry_junction, uniq_grinder
D:6:      layout_loops_cross, lightli_temple_of_fire, serial_shops, shop_coins,
          minmay_misc_feat_secret_circle, nrook_loot_triangle
D:7:      layout_basic, lemuel_doored_altar, serial_shops, shop,
          grunt_ogre_cave, dk_rats_in_the_wall
D:8:      layout_rooms, xom_shifter_show, kennysheep_little_box,
          nicolae_tso_swordbearing_angel, enter_ossuary_1, enter_bailey_3
D:9:      layout_gridville, orc_0_dummy, serial_shops,
          nicolae_shop_window_shopping
D:10:     layout_cave_pods, lair_entry_dummy
D:11:     layout_loops_cross, trove_entry_hex_spiral, guppyfry_shop_earth
D:12:     layout_roguey, serial_shops, shop_statue
D:13:     layout_small_grid, uniq_azrael, uniq_maurice
D:14:     layout_loops_ring, lightli_vaults_fourway_checkpoint, fedhas_altar_1,
          serial_shops, nicolae_shop_stone, guppyfry_shop_venom
D:15:     grunt_enter_depths_snipers, layout_rooms, portal_ice_cave_rime,
          minmay_fire_ice_demons, uniq_josephine
Temple:   jpeg_temple_island
Lair:1:   minmay_guarded_unrand_snakebite, layout_regular_city,
          grunt_forest_large_clearing_hut, infiniplex_staircase_pool_2,
          grunt_megastairs_5
Lair:2:   layout_misc_corridors, grunt_forest_small_clearings,
          grunt_megastairs_4, lemuel_fruit_fields, lemuel_fruit_fields
Lair:3:   layout_chaotic_city, palyth_hydra_swamp_entry,
          minmay_snake_entry_six_corridors, chequers_serial_rivers_micro_b,
          lemuel_fruit_tree, lemuel_fruit_fields
Lair:4:   layout_loops_ring, eino_house_with_fridge
Lair:5:   lemuel_slime, layout_regular_city, uniq_snorg
Lair:6:   hangedman_lair_tendril_chambers, layout_long_grid,
          minmay_slime_entry_jelly_boxes, ebering_ghost_inner_flame,
          kennysheep_abandoned_house
Swamp:1:  layout_basic_swamp, evilmike_swamp_ruin_rubble_2,
          infiniplex_staircase_pool, uniq_frances
Swamp:2:  layout_basic_swamp, evilmike_swamp_ruin_house_4, swamp_pool4,
          lemuel_altar_in_water
Swamp:3:  layout_basic_swamp, evilmike_swamp_ruin_rubble_1, swamp_pool1
Swamp:4:  swamp_basic_johnstein, layout_basic_swamp
Orc:1:    orc_temple, layout_caves, uniq_erolcha, uniq_sonja, uniq_jorgrun
Orc:2:    st_orc_mages, layout_caves, gammafunk_ghost_arena,
          nicolae_orc_flooded_monolith

Skill      XL: |  1  2  3  4  5  6  7  8  9 10 11 12 13 14 15 16 17 |
---------------+----------------------------------------------------+-----
Dodging        | 2 3 4 5 6 7 8 9 10 11 12 | 12.0
Fighting       | 4 5 6 7 8 10 11 12 13 14 15 | 15.1
Maces & Flails | 4 5 6 7 9 10 11 12 13 15 16 17 | 17.9
Armour         | 3 4 5 7 8 9 11 12 13 14 15 | 15.1
Axes           | 2 |  2.6

Action                   |  1- 3 |  4- 6 |  7- 9 | 10-12 | 13-15 | 16-18 || total
-------------------------+-------+-------+-------+-------+-------+-------++-------
Melee: Mace              |    79 |    45 |       |       |       |       ||   124
       Flail             |       |   161 |   490 |    43 |       |       ||   694
       Dire flail        |       |       |       |   234 |  1362 |       ||  1596
       Quarterstaff      |       |       |       |   396 |       |       ||   396
       Eveningstar       |       |       |       |       |    57 |   660 ||   717
Throw: Throwing net      |       |       |     1 |       |       |       ||     1
Invok: Berserk           |     1 |     3 |     4 |     2 |     7 |     2 ||    19
       Trog's Hand       |       |     1 |       |     2 |     4 |       ||     7
 Abil: Fly               |       |       |       |       |     1 |       ||     1
  Use: Scroll            |       |       |    22 |     8 |    13 |     3 ||    46
       Potion            |       |       |     2 |     1 |     2 |       ||     5
  Eat: Chunk             |     1 |    10 |    11 |    25 |    42 |    22 ||   111
       Ration            |       |       |     2 |       |     2 |       ||     4
Armor: Animal skin       |    15 |       |       |       |       |       ||    15
       Ring mail         |    13 |   114 |   218 |       |       |       ||   345
       Acid dragon scale |       |       |    33 |   104 |       |       ||   137
       Scale mail        |       |       |       |   255 |   802 |   505 ||  1562
Dodge: Dodged            |    55 |   158 |   395 |   423 |  1067 |   562 ||  2660

Table legend:
 A = Non-vault XP
 B = Vault XP
 C = Vault XP percentage of total XP
 D = Non-vault monster count
 E = Vault monster count
 F = Vault count percentage of total count
                 A         B        C        D         E       F
            +---------+---------+-------+---------+---------+-------
      Total |  129494 |   69373 |  34.9 |     678 |     337 |  33.2
            +---------+---------+-------+---------+---------+-------
        D:1 |      33 |       7 |  17.5 |      18 |       5 |  21.7
        D:2 |     118 |      53 |  31.0 |      26 |       5 |  16.1
        D:3 |     225 |      37 |  14.1 |      35 |       1 |   2.8
        D:4 |     197 |     552 |  73.7 |      17 |      10 |  37.0
        D:5 |     540 |     286 |  34.6 |      18 |       1 |   5.3
        D:6 |     658 |       0 |   0.0 |      14 |       0 |   0.0
        D:7 |    1487 |     113 |   7.1 |      28 |       1 |   3.4
        D:8 |     380 |       7 |   1.8 |      13 |       4 |  23.5
        D:9 |    1337 |       0 |   0.0 |      23 |       0 |   0.0
       D:10 |    5131 |       0 |   0.0 |      32 |       0 |   0.0
       D:11 |    3616 |     385 |   9.6 |      26 |       2 |   7.1
       D:12 |    2727 |       0 |   0.0 |      19 |       0 |   0.0
       D:13 |    7338 |    2938 |  28.6 |      25 |       9 |  26.5
       D:14 |   12498 |    9195 |  42.4 |      47 |      16 |  25.4
       D:15 |    5640 |    6726 |  54.4 |      23 |      21 |  47.7
     Lair:1 |    4120 |    1931 |  31.9 |      26 |      13 |  33.3
     Lair:2 |    1416 |       0 |   0.0 |       9 |       0 |   0.0
     Lair:3 |    5132 |    3860 |  42.9 |      25 |      19 |  43.2
     Lair:4 |    4587 |     773 |  14.4 |      18 |      12 |  40.0
     Lair:5 |    1957 |    1982 |  50.3 |      10 |      19 |  65.5
     Lair:6 |   16216 |   13861 |  46.1 |      42 |      63 |  60.0
    Swamp:1 |    7920 |    2330 |  22.7 |      20 |       1 |   4.8
    Swamp:2 |   16301 |       0 |   0.0 |      49 |       0 |   0.0
    Swamp:3 |   16340 |       0 |   0.0 |      35 |       0 |   0.0
    Swamp:4 |    8369 |       0 |   0.0 |      19 |       0 |   0.0
      Orc:1 |    2132 |   10906 |  83.6 |      27 |      31 |  53.4
      Orc:2 |    3079 |    7294 |  70.3 |      34 |      40 |  54.1
    Ossuary |       0 |     216 | 100.0 |       0 |      34 | 100.0
     Bailey |       0 |     410 | 100.0 |       0 |       6 | 100.0
      IceCv |       0 |    5511 | 100.0 |       0 |      24 | 100.0
            +---------+---------+-------+---------+---------+-------
